 Dungeon Crawl Stone Soup version 0.32-a0-886-g41c5271027 (webtiles) character file.

Game seed: 14844730845954250837

17464 jasper the Mimic (level 12, 0/100 HPs)
             Began as a Merfolk Shapeshifter on Apr 2, 2024.
             Was a High Priest of Okawaru.
             Slain by a centaur warrior simulacrum (7 damage)
             ... in a Gauntlet.
             The game lasted 00:21:51 (14526 turns).

jasper the Mimic (Merfolk Shapeshifter)            Turns: 14526, Time: 00:21:51

Health: 0/100      AC:  2    Str: 16    XL:     12   Next: 48%
Magic:  18/18      EV: 22    Int:  9    God:    Okawaru [*****.]
Gold:   273        SH:  0    Dex: 18    Spells: 8/11 levels left

rFire   + .          .
                       - Unarmed
rCold   + . .        (shield currently unavailable)
rNeg    + . .        q - melded +1 robe {Will+}
rPois   +            B - +2 hat
rElec   .            (no cloak)
rCorr   .            (no gloves)
SInv    .            (no boots)
Will    .....        (no amulet)
Stlth   +            u - ring of Adosh {rPois rN+ Str+5}
HPRegen 0.36/turn    P - ring "Uwnulof" {rPois rF+ rC+ Str-4}
MPRegen 0.16/turn

%: no teleportation
@: flux-form, glowing, studying Fighting
A: glow, contaminating, (nimble swimmer 2), mertail
a: Begin Untransformation, Renounce Religion, Heroism, Finesse, Duel


You were in a Gauntlet.
You worshipped Okawaru.
Okawaru was extremely pleased with you.
You were something dangerously unstable.
You visited 2 branches of the dungeon, and saw 12 of its levels.
You also visited: Gauntlet.

You collected 760 gold pieces.
You spent 487 gold pieces at shops.

Inventory:

Missiles
 f - 85 stones (quivered)
 g - 10 javelins
 x - a throwing net
 H - 16 boomerangs
Armour
 a - a +0 animal skin
 b - a +0 kite shield
 e - a +0 ring mail
 q - a +1 robe of willpower (melded)
 r - a +0 helmet
 y - a +2 plate armour of poison resistance
 B - a +2 hat (worn)
 K - a +3 ring mail
Jewellery
 u - the ring of Adosh (left hand) {rPois rN+ Str+5}
   (You found it on level 3 of the Dungeon)

   [ring of positive energy]

   Str+5:     It affects your strength (+5).
   rPois:     It protects you from poison.
   rN+:       It protects you from negative energy.
 G - a ring of resist corrosion
 P - the ring "Uwnulof" (right hand) {rPois rF+ rC+ Str-4}
   (You bought it in a shop on level 10 of the Dungeon)

   [ring of protection from fire]

   Str-4:     It affects your strength (-4).
   rF+:       It protects you from fire.
   rC+:       It protects you from cold.
   rPois:     It protects you from poison.
 R - a ring of protection from cold
Talismans
 c - a beast talisman
 d - a flux talisman (active)
 I - a storm talisman
Wands
 j - a wand of flame (1)
 p - a wand of warping (27)
Scrolls
 o - 2 scrolls of poison
 t - 4 scrolls of blinking
 v - 3 scrolls of noise
 z - 2 scrolls of teleportation
 J - 2 scrolls of brand weapon
 M - a scroll of revelation
 O - 2 scrolls of enchant weapon {unknown}
 Q - 2 scrolls of immolation
Potions
 h - 5 potions of attraction
 i - a potion of ambrosia
 k - 2 potions of degeneration
 l - a potion of mutation
 m - 2 potions of curing
 n - a potion of cancellation
 s - 2 potions of enlightenment {unknown}
 w - a potion of might {unknown}
 A - a potion of magic {unknown}
 C - 2 potions of invisibility {unknown}
 D - 2 potions of haste {unknown}
 E - 2 potions of brilliance {unknown}
 F - 3 potions of lignification
 L - a potion of resistance {unknown}
 N - a potion of heal wounds {unknown}


   Skills:
 - Level 11.0 Fighting
 - Level 11.3 Dodging
 - Level 10.0 Unarmed Combat
 - Level 8.0 Invocations
 + Level 14.6 Shapeshifting


You had 8 spell levels left.
You knew the following spells:

 Your Spells              Type           Power      Damage    Failure   Level
a - Ozocubu's Armour      Ice            0%         N/A       77%         3

Your spell library contained the following spells:

 Spells                   Type           Power      Damage    Failure   Level
 Dazzling Flash           Conj/Hex       0%         N/A       77%         3
 Frozen Ramparts          Ice            0%         1d1       77%         3
 Sigil of Binding         Hex            0%         N/A       77%         3
 Teleport Other           Tloc           0%         N/A       77%         3
 Vhi's Electric Charge    Tloc/Air       0%         N/A       99%         4
 Arcjolt                  Conj/Air       0%         1d10      100%        5
 Metabolic Englaciation   Hex/Ice        0%         N/A       100%        5
 Dispersal                Tloc           0%         N/A       100%        6
 Eringya's Noxious Bog    Alch           0%         4d6       100%        6
 Gell's Gavotte           Tloc           0%         2d(11-16) 100%        6
 Plasma Beam              Fire/Air       0%         2x1d10    100%        6
 Starburst                Conj/Fire      0%         6d3       100%        6
 Maxwell's Capacitive Co  Air            0%         ∞         100%        8
 Summon Forest            Summ/Tloc      Unusable   N/A       N/A         5
 Death Channel            Necr           Unusable   N/A       N/A         6
 Sculpt Simulacrum        Ice/Alch       Unusable   N/A       N/A         6
 Summon Hydra             Summ           Unusable   N/A       N/A         7

Dungeon Overview and Level Annotations

Branches:
Dungeon (11/15)            Temple (1/1) D:4            Lair (0/5) D:9
    Orc (0/2) D:10        Gauntlet (1/1)

Altars:
Ashenzari
Cheibriados
Dithmenos
Elyvilon
Fedhas
Gozag
Hepliaklqana
Kikubaaqudgha
Makhleb
Nemelex Xobeh
Okawaru
Qazlal
Ru
Sif Muna
Trog
Uskayaw
Vehumet
Wu Jian
Xom
Yredelemnul
Zin
The Shining One

Shops:
D:10 =

Annotations:
Gauntlet 15 transporters, 21 runed translucent doors


Innate Abilities, Weirdness & Mutations

You are something dangerously unstable.
You glow with magical radiation, making you easy to see and hit.
Foes you strike become dangerously contaminated with magical radiation.
You are incapable of wielding weapons or throwing items.
((You are very nimble when in or above water. (Stealth+, EV+, Speed+++)))
Your lower body shifts to a powerful aquatic tail in water.


Message History

There is a transporter here.
You enter the transporter and appear at another place.
The centaur warrior simulacrum attacks as it pursues you!
The centaur warrior simulacrum hits you!
The centaur warrior simulacrum freezes you.
You resist.
The centaur warrior simulacrum barely misses you.
The centaur warrior simulacrum hits you.
The centaur warrior simulacrum freezes you!
You resist.
The centaur warrior simulacrum kicks you.
The centaur warrior simulacrum freezes you!
You resist.
You take 37 damage, and have 63/100 hp.
MASSIVE DAMAGE!!
The meliai simulacrum attacks as it pursues you!
The meliai simulacrum hits you! The meliai simulacrum freezes you. You resist.
The meliai simulacrum completely misses you.
You take 10 damage, and have 53/100 hp.
The meliai simulacrum attacks as it pursues you!
The meliai simulacrum barely misses you. x2
The meliai simulacrum completely misses you.
The meliai simulacrum hits you but does no damage.
The meliai simulacrum attacks as it pursues you!
The meliai simulacrum completely misses you.
The meliai simulacrum hits you! The meliai simulacrum freezes you! You resist.
The meliai simulacrum hits you. The meliai simulacrum freezes you! You resist.
* * * LOW HITPOINT WARNING * * *
The meliai simulacrum barely misses you.
The wyvern simulacrum bites you!
* * * LOW HITPOINT WARNING * * *
The wyvern simulacrum freezes you. You resist.
* * * LOW HITPOINT WARNING * * *
The meliai simulacrum hits you.
* * * LOW HITPOINT WARNING * * *
The meliai simulacrum freezes you. You resist.
* * * LOW HITPOINT WARNING * * *
The meliai simulacrum misses you.
The centaur warrior simulacrum attacks as it pursues you!
The centaur warrior simulacrum hits you!
You die...

+...#.©#©#..### ###
+...+..#.#..#ß# #ß#
##++#++#.#..###########
.+..+..#.#..........#ß#
.+..+..#.#..........#####
########.#########.....≈###
§≈ ≈≈≈≈#........©#......#ß#
## #####.#############..###
.. #...#.#.#...(pZ?..#..# #
#..#.#.#....ZZ...#..###
.##..#.#.#..#...#..#..#ß#
##..#..#.#.#.P...Z...#..###
#.©##..#©#.#....©....#..#
##..#..###.#..P......#..###
#..##.Z#...#..#...#..#..#ß#
##.Z#ZB#...#.........#..###
ZZZ#ZZB#...#.........#..#


You could see a wyvern simulacrum, a boggart simulacrum, a centaur warrior
simulacrum and a meliai simulacrum.

Vanquished Creatures
  Gastronok (D:8)
  An ogre mage (D:10)
  4 two-headed ogres
  Urug (D:11)
  A boulder beetle (D:7)
  2 manticores
  A cyclops (D:8)
  A gargoyle (D:10)
  An efreet (D:10)
  A komodo dragon (D:8)
  Psyche (D:8)
  2 tengu conjurers
  4 trolls
  A centaur simulacrum (D:11)
  2 shadows (D:10)
  2 wyverns
  19 yaks
  2 wraiths
  3 steam dragons
  A water moccasin (D:8)
  3 ice beasts
  7 orc warriors
  A sky beast (D:6)
  2 black bears
  3 ogres
  4 wolves
  A phantom (D:6)
  2 bullfrogs
  3 kobold brigands
  Blork the orc (D:4)
  3 gnoll sergeants
  3 scorpions
  5 wights
  5 killer bees
  A howler monkey (D:8)
  4 electric eels
  4 hounds
  4 jellies
  5 orc priests
  3 iguanas
  2 sleepcaps
  Jessica (D:3)
  A gnoll bouda (D:4)
  Natasha (thrice) (D:3)
  13 orc wizards
  Robin (D:3)
  8 adders
  16 gnolls
  2 shadow imps (D:8)
  2 ufetubi (D:6)
  2 ribbon worms
  5 dart slugs
  27 orcs
  7 ball pythons
  10 endoplasms
  5 giant cockroaches
  10 hobgoblins
  5 jackals
  13 kobolds
  3 quokkas
  4 bats
  2 frilled lizards (D:3)
  14 goblins
  3 rats
274 creatures vanquished.

Vanquished Creatures (others)
  A yak (D:11)
  A howler monkey simulacrum (D:10)
2 creatures vanquished.

Grand Total: 276 creatures vanquished

Notes
Turn   | Place    | Note
-------+----------+-------------------------------------------
     0 | D:1      | jasper the Merfolk Shapeshifter began the quest for the
                  | Orb.
     0 | D:1      | Reached XP level 1. HP: 15/15 MP: 1/1
   226 | D:1      | Reached XP level 2. HP: 21/21 MP: 2/2
   400 | D:1      | Found a faded altar of an unknown god.
   417 | D:1      | Prayed at the altar of an unknown god.
   417 | D:1      | Became a worshipper of Warmaster Okawaru
   417 | D:1      | Reached * piety under Okawaru
   718 | D:2      | Reached XP level 3. HP: 23/26 MP: 3/3
  1010 | D:2      | Reached skill level 5 in Unarmed Combat
  1013 | D:2      | Reached XP level 4. HP: 30/32 MP: 4/4
  1874 | D:3      | Noticed Jessica
  1877 | D:3      | Killed Jessica
  1878 | D:3      | Reached XP level 5. HP: 36/37 MP: 5/5
  1916 | D:3      | Found a white marble altar of Elyvilon.
  1916 | D:3      | Noticed Robin
  1956 | D:3      | Reached ** piety under Okawaru
  1968 | D:3      | Killed Robin
  2070 | D:3      | Noticed Natasha
  2075 | D:3      | Killed Natasha
  2078 | D:3      | Identified the ring of Adosh {rPois rN+ Str+5}
  2192 | D:3      | Noticed Natasha
  2202 | D:3      | Killed Natasha
  2274 | D:3      | Reached XP level 6. HP: 33/43 MP: 6/6
  2309 | D:3      | Noticed Natasha
  2316 | D:3      | Killed Natasha
  2634 | D:4      | Found a sparkling altar of Nemelex Xobeh.
  2647 | D:4      | Noticed a black bear
  2653 | D:4      | Killed a black bear
  2819 | D:4      | Noticed a steam dragon
  2820 | D:4      | Noticed Blork the orc
  2826 | D:4      | Killed a steam dragon
  2827 | D:4      | Reached XP level 7. HP: 28/48 MP: 4/7
  2831 | D:4      | Killed Blork the orc
  3221 | D:4      | Reached *** piety under Okawaru
  3471 | D:4      | Found a faded altar of an unknown god.
  3473 | D:4      | Found a hazy altar of Hepliaklqana.
  3473 | D:4      | Found a faded altar of an unknown god.
  3554 | D:4      | Found an ancient bone altar of Kikubaaqudgha.
  3562 | D:4      | Reached skill level 10 in Unarmed Combat
  3626 | D:4      | Found a shimmering altar of Xom.
  3634 | D:4      | Reached XP level 8. HP: 46/54 MP: 8/8
  3701 | D:4      | Found a staircase to the Ecumenical Temple.
  4003 | Temple   | Entered the Ecumenical Temple
  4047 | D:5      | Entered Level 5 of the Dungeon
  4063 | D:5      | Found an ornate altar of the Wu Jian Council.
  4083 | D:5      | Reached skill level 5 in Shapeshifting
  4325 | D:5      | Reached skill level 6 in Shapeshifting
  4374 | D:5      | Found a radiant altar of Vehumet.
  4619 | D:5      | Reached skill level 7 in Shapeshifting
  4734 | D:6      | Found a blossoming altar of Fedhas.
  4749 | D:6      | Found a shimmering blue altar of Sif Muna.
  5069 | D:6      | Found a bloodstained altar of Trog.
  5188 | D:6      | Reached skill level 5 in Dodging
  5270 | D:6      | Reached **** piety under Okawaru
  5271 | D:6      | Reached XP level 9. HP: 48/65 MP: 9/9
  5976 | D:6      | Found a shadowy altar of Dithmenos.
  6393 | D:7      | Reached skill level 5 in Fighting
  7708 | D:7      | Identified a scroll of acquirement
  7708 | D:7      | Acquired a manual of Fighting
  7812 | D:8      | Reached XP level 10. HP: 54/79 MP: 10/10
  8209 | D:8      | Noticed a cyclops
  8234 | D:8      | Killed a cyclops
  8268 | D:8      | Reached ***** piety under Okawaru
  8397 | D:8      | Reached skill level 10 in Dodging
  8677 | D:8      | Noticed Gastronok
  8693 | D:8      | Killed Gastronok
  8694 | D:8      | Reached skill level 10 in Fighting
  9163 | D:8      | Learned a level 3 spell: Ozocubu's Armour
  9194 | D:8      | Noticed Psyche
  9205 | D:8      | Killed Psyche
  9307 | D:8      | Noticed a manticore
  9310 | D:8      | Noticed a boulder beetle
  9457 | D:9      | Reached skill level 1 in Invocations
  9469 | D:9      | Noticed a manticore
  9739 | D:9      | Noticed a two-headed ogre
  9754 | D:9      | Killed a two-headed ogre
  9754 | D:9      | Received a gift from Okawaru
  9755 | D:9      | Reached skill level 5 in Invocations
  9755 | D:9      | Noticed a two-headed ogre
 10110 | D:7      | Killed a boulder beetle
 10111 | D:7      | Reached XP level 11. HP: 93/93 MP: 13/16
 10707 | D:8      | Killed a manticore
 10897 | D:9      | Killed a two-headed ogre
 10898 | D:9      | Reached skill level 8 in Shapeshifting
 11166 | D:9      | Killed a manticore
 11167 | D:9      | Reached skill level 9 in Shapeshifting
 11180 | D:9      | Found a broken altar of Ashenzari.
 11362 | D:9      | Found a staircase to the Lair.
 11611 | D:9      | Reached skill level 10 in Shapeshifting
 11802 | D:9      | Identified the +0 quarterstaff "Erumod" {flame, rElec rF+
                  | Int+5 Stlth-}
 12000 | D:10     | Entered Level 10 of the Dungeon
 12372 | D:10     | Reached skill level 11 in Shapeshifting
 12560 | D:10     | Found Isiafuu's Jewellery Shoppe.
 12580 | D:10     | Bought the ring "Uwnulof" {rPois rF+ rC+ Str-4} for 487
                  | gold pieces
 12851 | D:10     | Noticed a two-headed ogre
 12869 | D:10     | Killed a two-headed ogre
 13102 | D:10     | Reached skill level 12 in Shapeshifting
 13317 | D:10     | Found a glowing golden altar of the Shining One.
 13369 | D:10     | Reached XP level 12. HP: 79/100 MP: 18/18
 13376 | D:10     | Noticed an ogre mage
 13406 | D:10     | Killed an ogre mage
 13407 | D:10     | Reached skill level 13 in Shapeshifting
 13446 | D:10     | Noticed a two-headed ogre
 13450 | D:10     | Killed a two-headed ogre
 13793 | D:10     | Found a staircase to the Orcish Mines.
 13955 | D:11     | Reached skill level 14 in Shapeshifting
 14056 | D:11     | Noticed Urug
 14078 | D:11     | Killed Urug
 14150 | D:11     | Found a gate leading to a gauntlet.
 14168 | Gauntlet | Entered a Gauntlet
 14168 | Gauntlet | Found a transporter.
 14168 | Gauntlet | Found a transporter.
 14182 | Gauntlet | Found a transporter.
 14198 | Gauntlet | Found a transporter.
 14214 | Gauntlet | Found a transporter.
 14214 | Gauntlet | Noticed a death yak
 14215 | Gauntlet | Noticed a death yak
 14215 | Gauntlet | Noticed a death yak
 14227 | Gauntlet | Found a transporter.
 14234 | Gauntlet | Noticed a death scarab
 14243 | Gauntlet | Found a transporter.
 14254 | Gauntlet | Noticed a dire elephant
 14309 | Gauntlet | Found a transporter.
 14324 | Gauntlet | Found a transporter.
 14326 | Gauntlet | Found a large runed translucent door.
 14326 | Gauntlet | Found a large runed translucent door.
 14327 | Gauntlet | Found a large runed translucent door.
 14327 | Gauntlet | Found a large runed translucent door.
 14328 | Gauntlet | Found a large runed translucent door.
 14328 | Gauntlet | Found a runed translucent door.
 14328 | Gauntlet | Found a large runed translucent door.
 14328 | Gauntlet | Found a runed translucent door.
 14328 | Gauntlet | Found a large runed translucent door.
 14328 | Gauntlet | Found a large runed translucent door.
 14329 | Gauntlet | Found a large runed translucent door.
 14329 | Gauntlet | Found a large runed translucent door.
 14332 | Gauntlet | Found a large runed translucent door.
 14332 | Gauntlet | Found a large runed translucent door.
 14334 | Gauntlet | Found a large runed translucent door.
 14334 | Gauntlet | Found a large runed translucent door.
 14334 | Gauntlet | Found a large runed translucent door.
 14336 | Gauntlet | Found a runed translucent gate.
 14336 | Gauntlet | Found a runed translucent gate.
 14336 | Gauntlet | Found a runed translucent gate.
 14337 | Gauntlet | Noticed a dire elephant
 14338 | Gauntlet | Found a transporter.
 14349 | Gauntlet | Found a large runed translucent door.
 14351 | Gauntlet | Found a transporter.
 14443 | Gauntlet | Found a transporter.
 14445 | Gauntlet | Noticed a death scarab
 14445 | Gauntlet | Noticed a death scarab
 14455 | Gauntlet | Found a transporter.
 14462 | Gauntlet | Noticed a death scarab
 14463 | Gauntlet | Found a transporter.
 14465 | Gauntlet | Found a transporter.
 14499 | Gauntlet | Found a transporter.
 14526 | Gauntlet | Slain by a centaur warrior simulacrum

Illustrated notes

Levels and vault maps discovered:
D:1:      beargit_arrival_greenhouse, layout_loops_ring,
          hellmonk_ecumenical_altar_dog_temple
D:2:      layout_loops_corners
D:3:      layout_basic, nicolae_elyvilon_peaceful_grove, uniq_robin,
          uniq_natasha, uniq_jessica
D:4:      layout_basic, nicolae_hepliaklqana_ecumenical_no_more,
          mainiacjoe_overflow_brackets, jmf_multi_god_temple2,
          lemuel_temple_firewalk_b, uniq_blork_the_orc
D:5:      dreamdust_elfheim, layout_gridville, lemuel_crystal_altar,
          mainiacjoe_overflow_catwalk, kennysheep_generic_room_16
D:6:      layout_layer_cave, fedhas_altar_2, overflow_temple_1_default,
          trog_three_pillars_becter, nicolae_dithmenos_the_darkroom,
          hangedman_decor_clover_reticule
D:7:      layout_basic, reono_crystal_passage
D:8:      minmay_blocky_corners, layout_rooms, kennysheep_cross_bottleneck,
          uniq_psyche, uniq_gastronok
D:9:      layout_rooms, ashenzari_conservatory_becter, erik_lair_island,
          minmay_chambers_of_fives
D:10:     layout_loops_cross, nicolae_overflow_hidden_temple, hiddenorc1_lemuel,
          serial_shops, nicolae_shop_tiny_waterfront, minmay_pinched_square
D:11:     layout_loops_ring, serial_ice, serial_ice_l, serial_ice_f,
          serial_ice_c, serial_ice_a, portal_ice_cave_rime,
          gauntlet_entry_generic, uniq_urug
Temple:   hellmonk_temple_beads
Gauntlet: gammafunk_gauntlet_branching [gammafunk_gauntlet_arena_mazey,
          gammafunk_gauntlet_arena_hedges, gammafunk_gauntlet_arena_crates,
          nicolae_gauntlet_arena_grate_2, gammafunk_gauntlet_arena_teeth,
          minmay_gauntlet_arena_make_your_own_arena,
          nicolae_gauntlet_arena_quarters, gammafunk_gauntlet_arena_chambers,
          gauntlet_exit_green]

Skill      XL: |  1  2  3  4  5  6  7  8  9 10 11 12 |
---------------+-------------------------------------+-----
Unarmed Combat | 4 5 6 7 8 10 | 10.0
Shapeshifting  | 7 12 14 | 14.6
Fighting       | 4 7 11 | 11.0
Dodging        | 5 9 11 | 11.3
Invocations    | 6 8 |  8.0

Action                     |  1- 3 |  4- 6 |  7- 9 | 10-12 || total
---------------------------+-------+-------+-------+-------++-------
  Melee: Unarmed           |    85 |   151 |   241 |   494 ||   971
         Punch             |     2 |     2 |     5 |       ||     9
         Tailslap          |       |     3 |       |     2 ||     5
  Throw: Javelin           |       |       |     4 |       ||     4
 Invoke: Heroism           |       |     1 |     2 |    14 ||    17
         Finesse           |       |       |       |     8 ||     8
Ability: Begin Untransform |       |     1 |       |       ||     1
  Evoke: Wand              |       |       |       |    17 ||    17
    Use: Scroll            |     2 |     5 |     9 |     5 ||    21
         Potion            |       |     1 |     1 |     2 ||     4
   Stab: Sleeping          |       |     2 |     2 |       ||     4
 Armour: Ring mail         |    45 |    35 |       |       ||    80
         Robe              |       |    58 |    42 |       ||   100
         Skin              |       |    11 |    65 |   179 ||   255
  Dodge: Dodged            |    46 |    89 |   164 |   438 ||   737
   Form: Flux              |       |       |     1 |       ||     1

Table legend: (Time is in decaauts)
 A = Elapsed time spent in this place.
 B = Non-inter-level travel time spent in this place.
 C = Inter-level travel time spent in this place.
 D = Time resting spent in this place.
 E = Time spent auto-exploring this place.
 F = Levels seen in this place.
 G = Mean time per level.
                   A        B        C        D        E       F      G
               +--------+--------+--------+--------+--------+-----+--------+
         Total |  14297 |  13843 |    454 |   2968 |   8671 |  13 | 1099.8 |
       Dungeon |  13938 |  13484 |    454 |   2968 |   8351 |  11 | 1267.1 |
        Temple |      1 |      1 |      0 |      0 |      0 |   1 |    1.0 |
      Gauntlet |    357 |    357 |      0 |      0 |    320 |   1 |  357.0 |
               +--------+--------+--------+--------+--------+-----+--------+

Top non-repeatable levels by time:
     D:7: 2516 daAuts
     D:8: 2095 daAuts
     D:6: 1738 daAuts
    D:10: 1664 daAuts
     D:4: 1460 daAuts
     D:9: 1002 daAuts
     D:2: 980 daAuts
     D:3: 865 daAuts
     D:1: 705 daAuts
     D:5: 678 daAuts
Gauntlet: 357 daAuts
    D:11: 230 daAuts
  Temple: 1 daAuts
